TOP OF THE 1ST |
Lake Erie Arryns batting - Pitching for Athletic Club KC U-24 : RHP Alan Perry
|
Pitching: RHP Alan Perry
|
|
Batting: RHB Emory Frost
|
0-0: Called Strike 0-1: Ball 1-1: Foul Ball, location: 2F 1-2: Foul Ball, location: 2F 1-2: Ball 2-2: Strikes out looking
|
Batting: RHB Cory Poole
|
0-0: Called Strike 0-1: Foul Ball, location: 2F 0-2: Ground out 1-3 (Groundball, 13, EV 63.1 MPH)
|
Batting: LHB Tony Jump
|
0-0: Swinging Strike 0-1: Foul Ball, location: 2F 0-2: Ball 1-2: Ball 2-2: Strikes out swinging
|
Top of the 1st over - 0 runs, 0 hits, 0 errors, 0 left on base; Lake Erie 0 - Athletic Club KC 0 |
BOTTOM OF THE 1ST |
Athletic Club KC U-24 batting - Pitching for Lake Erie Arryns : RHP José Carmona
|
Pitching: RHP José Carmona
|
|
Batting: LHB Juan Morales
|
0-0: Ball 1-0: Swinging Strike 1-1: Swinging Strike 1-2: Ground out 1-3 (Groundball, 25, EV 61.9 MPH)
|
Batting: RHB Ángelo Soto
|
0-0: Ground out 6-3 (Groundball, 56, EV 88.8 MPH)
|
Batting: LHB Francisco Ferguson
|
0-0: Ball 1-0: Ball 2-0: Swinging Strike 2-1: Foul Ball, location: 2F 2-2: Ball 3-2: Foul Ball, location: 2F 3-2: Foul Ball, location: 2F 3-2: Strikes out swinging
|
Bottom of the 1st over - 0 runs, 0 hits, 0 errors, 0 left on base; Lake Erie 0 - Athletic Club KC 0 |
TOP OF THE 2ND |
Lake Erie Arryns batting - Pitching for Athletic Club KC U-24 : RHP Alan Perry
|
Batting: RHB Dale King
|
0-0: Called Strike 0-1: Ball 1-1: Ball 2-1: Swinging Strike 2-2: Ground out 5-3 (Groundball, 56S, EV 80.0 MPH)
|
Batting: RHB Eric Quick Jr.
|
0-0: Called Strike 0-1: Ball 1-1: Ball 2-1: Foul Ball, location: 2F 2-2: Foul Ball, location: 2F 2-2: Ground out 5-3 (Groundball, 5S, EV 80.6 MPH)
|
Batting: RHB Gonzalo Zarauza
|
0-0: Ball 1-0: Ball 2-0: Foul Ball, location: 2F 2-1: Called Strike 2-2: Strikes out swinging
|
Top of the 2nd over - 0 runs, 0 hits, 0 errors, 0 left on base; Lake Erie 0 - Athletic Club KC 0 |
BOTTOM OF THE 2ND |
Athletic Club KC U-24 batting - Pitching for Lake Erie Arryns : RHP José Carmona
|
Batting: RHB Kelsey Walker
|
0-0: Called Strike 0-1: Called Strike 0-2: Ball 1-2: Ball 2-2: Strikes out looking
|
Batting: RHB Alvin Grant
|
0-0: Called Strike 0-1: Fly out, F8 (Flyball, 8LXD, EV 101.2 MPH)
|
Batting: SHB Marcos Ortíz
|
0-0: Ball 1-0: Called Strike 1-1: Ball 2-1: Foul Ball, location: 2F 2-2: SINGLE (Flyball, 8RS, EV 89.4 MPH)
|
Batting: LHB Quincy Audley
|
0-0: Called Strike 0-1: Fly out, F9 (Flyball, 89M, EV 90.6 MPH)
|
Bottom of the 2nd over - 0 runs, 1 hit, 0 errors, 1 left on base; Lake Erie 0 - Athletic Club KC 0 |
TOP OF THE 3RD |
Lake Erie Arryns batting - Pitching for Athletic Club KC U-24 : RHP Alan Perry
|
Batting: RHB Paulaui Olakeakua
|
0-0: Called Strike 0-1: Ball 1-1: Ground out U3 (Groundball, 34, EV 80.0 MPH)
|
Batting: RHB Roderick Shelton
|
0-0: Ball 1-0: Ball 2-0: Swinging Strike 2-1: Swinging Strike 2-2: Strikes out swinging
|
Batting: RHB Tony Carson
|
0-0: Called Strike 0-1: Ball 1-1: Foul Ball, location: 2F 1-2: Strikes out swinging
|
Top of the 3rd over - 0 runs, 0 hits, 0 errors, 0 left on base; Lake Erie 0 - Athletic Club KC 0 |
BOTTOM OF THE 3RD |
Athletic Club KC U-24 batting - Pitching for Lake Erie Arryns : RHP José Carmona
|
Batting: RHB Aurelio Alejo
|
0-0: Called Strike 0-1: Called Strike 0-2: Ball 1-2: Ball 2-2: Foul Ball, location: 2F 2-2: Strikes out swinging
|
Batting: RHB Avery Cotton
|
0-0: Called Strike 0-1: Fly out, F3 (Popup, 3F, EV 76.9 MPH)
|
Batting: LHB Juan Morales
|
0-0: Ball 1-0: Swinging Strike 1-1: Foul Ball, location: 2F 1-2: Ball 2-2: Foul Ball, location: 2F 2-2: Ball 3-2: Foul Ball, location: 2F 3-2: SINGLE (Line Drive, 8LS, EV 97.5 MPH)
|
Batting: RHB Ángelo Soto
|
0-0: Called Strike 0-1: Ball 1-1: Ground out 5-3 (Groundball, 56S, EV 91.2 MPH)
|
Bottom of the 3rd over - 0 runs, 1 hit, 0 errors, 1 left on base; Lake Erie 0 - Athletic Club KC 0 |
TOP OF THE 4TH |
Lake Erie Arryns batting - Pitching for Athletic Club KC U-24 : RHP Alan Perry
|
Batting: RHB Emory Frost
|
0-0: Ball 1-0: Ball 2-0: Called Strike 2-1: Foul Ball, location: 2F 2-2: Ball 3-2: Base on Balls
|
Batting: RHB Cory Poole
|
0-0: SINGLE (Groundball, 6MD, EV 93.8 MPH) Emory Frost to second
|
Batting: LHB Tony Jump
|
0-0: Ball 1-0: Ball 2-0: Foul Ball, location: 2F 2-1: SINGLE (Line Drive, 8RS, EV 94.4 MPH) Emory Frost to third Cory Poole to second
|
Batting: RHB Dale King
|
0-0: Ball 1-0: Foul Ball, location: 2F 1-1: DOUBLE (Line Drive, 8RXD, EV 106.9 MPH) Emory Frost scores Cory Poole scores Tony Jump to third
|
Batting: RHB Eric Quick Jr.
|
0-0: Ball 1-0: Called Strike 1-1: Ball 2-1: Swinging Strike 2-2: Fly out, F6 (Popup, P, EV 83.8 MPH)
|
Batting: RHB Gonzalo Zarauza
|
0-0: Called Strike 0-1: Swinging Strike 0-2: Strikes out swinging
|
Batting: RHB Paulaui Olakeakua
|
0-0: Ball 1-0: Ball 2-0: Ball 3-0: Called Strike 3-1: Fly out, F3 (Popup, 3SF, EV 87.5 MPH)
|
Top of the 4th over - 2 runs, 3 hits, 0 errors, 2 left on base; Lake Erie 2 - Athletic Club KC 0 |
BOTTOM OF THE 4TH |
Athletic Club KC U-24 batting - Pitching for Lake Erie Arryns : RHP José Carmona
|
Batting: LHB Francisco Ferguson
|
0-0: Called Strike 0-1: Fly out, F8 (Line Drive, 8RD, EV 85.0 MPH)
|
Batting: RHB Kelsey Walker
|
0-0: Fly out, F9 (Flyball, 89M, EV 91.2 MPH)
|
Batting: RHB Alvin Grant
|
0-0: Ball 1-0: Called Strike 1-1: Foul Ball, location: 2F 1-2: Foul Ball, location: 2F 1-2: Foul Ball, location: 2F 1-2: Strikes out swinging
|
Bottom of the 4th over - 0 runs, 0 hits, 0 errors, 0 left on base; Lake Erie 2 - Athletic Club KC 0 |
TOP OF THE 5TH |
Lake Erie Arryns batting - Pitching for Athletic Club KC U-24 : RHP Alan Perry
|
Batting: RHB Roderick Shelton
|
0-0: Ball 1-0: Foul Ball, location: 2F 1-1: Ball 2-1: Ball 3-1: Base on Balls
|
Batting: RHB Tony Carson
|
0-0: Foul Ball, location: 2F 0-1: Called Strike 0-2: Ball 1-2: Ball 2-2: Ball 3-2: Foul Ball, location: 2F 3-2: Fielders Choice at 2nd, 4-6 (Groundball, 34D, EV 85.6 MPH)
|
Pitching: LHP Robinson Soto
|
|
Batting: RHB Emory Frost
|
0-0: Called Strike 0-1: Fly out, F7 (Line Drive, 7S, EV 98.1 MPH)
|
Batting: RHB Cory Poole
|
0-0: Ball 1-0: Foul Ball, location: 2F 1-1: Ball 2-1: Foul Ball, location: 2F 2-2: Foul Ball, location: 2F 2-2: Foul Ball, location: 2F 2-2: TRIPLE (Line Drive, 78XD, EV 99.4 MPH) Tony Carson scores
|
Batting: LHB Tony Jump
|
0-0: Called Strike 0-1: Called Strike 0-2: Ball 1-2: Ball 2-2: Ball 3-2: 2-RUN HOME RUN (Flyball, 89XD, EV 100.0 MPH), Distance : 409 ft
|
Batting: RHB Dale King
|
0-0: Ball 1-0: Ball 2-0: Called Strike 2-1: Called Strike 2-2: Foul Ball, location: 2F 2-2: Fly out, F8 (Flyball, 8RM, EV 87.5 MPH)
|
Top of the 5th over - 3 runs, 2 hits, 0 errors, 0 left on base; Lake Erie 5 - Athletic Club KC 0 |
BOTTOM OF THE 5TH |
Athletic Club KC U-24 batting - Pitching for Lake Erie Arryns : RHP José Carmona
|
Batting: SHB Marcos Ortíz
|
0-0: Ball 1-0: Ball 2-0: Swinging Strike 2-1: Ball 3-1: Swinging Strike 3-2: Foul Ball, location: 2F 3-2: Foul Ball, location: 2F 3-2: Strikes out swinging
|
Batting: LHB Quincy Audley
|
0-0: Ball 1-0: Ground out 4-3 (Groundball, 4, EV 83.1 MPH)
|
Batting: RHB Aurelio Alejo
|
0-0: Ball 1-0: Ball 2-0: Ball 3-0: Called Strike 3-1: Base on Balls
|
Batting: RHB Avery Cotton
|
0-0: Ball 1-0: Called Strike 1-1: Foul Ball, location: 2F 1-2: Strikes out looking
|
Bottom of the 5th over - 0 runs, 0 hits, 0 errors, 1 left on base; Lake Erie 5 - Athletic Club KC 0 |
TOP OF THE 6TH |
Lake Erie Arryns batting - Pitching for Athletic Club KC U-24 : LHP Robinson Soto
|
Batting: RHB Eric Quick Jr.
|
0-0: Ball 1-0: Called Strike 1-1: Called Strike 1-2: Ball 2-2: Strikes out looking
|
Batting: RHB Gonzalo Zarauza
|
0-0: Foul Ball, location: 2F 0-1: Ball 1-1: Foul Ball, location: 2F 1-2: Strikes out swinging
|
Batting: RHB Paulaui Olakeakua
|
0-0: Called Strike 0-1: Ball 1-1: Swinging Strike 1-2: Strikes out swinging
|
Top of the 6th over - 0 runs, 0 hits, 0 errors, 0 left on base; Lake Erie 5 - Athletic Club KC 0 |
BOTTOM OF THE 6TH |
Athletic Club KC U-24 batting - Pitching for Lake Erie Arryns : RHP José Carmona
|
Batting: LHB Juan Morales
|
0-0: Ball 1-0: Swinging Strike 1-1: Foul Ball, location: 2F 1-2: Ball 2-2: Foul Ball, location: 2F 2-2: Fly out, F8 (Flyball, 89M, EV 87.5 MPH)
|
Batting: RHB Ángelo Soto
|
0-0: SOLO HOME RUN (Flyball, 78XD, EV 111.9 MPH), Distance : 417 ft
|
Batting: LHB Francisco Ferguson
|
0-0: Ball 1-0: Foul Ball, location: 2F 1-1: DOUBLE (Line Drive, 78XD, EV 101.2 MPH)
|
Batting: RHB Kelsey Walker
|
0-0: Swinging Strike 0-1: Ground out 6-3 (Groundball, 6, EV 95.0 MPH) Francisco Ferguson to third
|
Batting: RHB Alvin Grant
|
0-0: Ground out 6-3 (Groundball, 6, EV 81.9 MPH)
|
Bottom of the 6th over - 1 run, 2 hits, 0 errors, 1 left on base; Lake Erie 5 - Athletic Club KC 1 |
TOP OF THE 7TH |
Lake Erie Arryns batting - Pitching for Athletic Club KC U-24 : LHP Robinson Soto
|
Batting: RHB Roderick Shelton
|
0-0: Called Strike 0-1: Ball 1-1: Foul Ball, location: 2F 1-2: Foul Ball, location: 2F 1-2: Ball 2-2: Strikes out swinging
|
Batting: RHB Tony Carson
|
0-0: Called Strike 0-1: Ground out 6-3 (Groundball, 6, EV 96.9 MPH)
|
Batting: RHB Emory Frost
|
0-0: Called Strike 0-1: Swinging Strike 0-2: Ball 1-2: Ball 2-2: Foul Ball, location: 2F 2-2: Foul Ball, location: 2F 2-2: SINGLE (Line Drive, 89S, EV 95.6 MPH)
|
Pitching: LHP Chris Mangin
|
|
Batting: RHB Cory Poole
|
0-0: Ball 1-0: Ball 2-0: Fly out, F7 (Flyball, 7D, EV 96.2 MPH)
|
Top of the 7th over - 0 runs, 1 hit, 0 errors, 1 left on base; Lake Erie 5 - Athletic Club KC 1 |
BOTTOM OF THE 7TH |
Athletic Club KC U-24 batting - Pitching for Lake Erie Arryns : RHP José Carmona
|
Batting: SHB Marcos Ortíz
|
0-0: Ball 1-0: Ball 2-0: Fly out, F9 (Line Drive, 9, EV 96.2 MPH)
|
Batting: LHB Quincy Audley
|
0-0: Called Strike 0-1: Ball 1-1: Swinging Strike 1-2: Strikes out looking
|
Batting: RHB Aurelio Alejo
|
0-0: Ball 1-0: Ball 2-0: Ball 3-0: Called Strike 3-1: Base on Balls
|
Pitching: LHP Rafael Villanueva
|
|
Batting: RHB Avery Cotton
|
0-0: Called Strike 0-1: Ball 1-1: Foul Ball, location: 2F 1-2: Strikes out swinging
|
Bottom of the 7th over - 0 runs, 0 hits, 0 errors, 1 left on base; Lake Erie 5 - Athletic Club KC 1 |
TOP OF THE 8TH |
Lake Erie Arryns batting - Pitching for Athletic Club KC U-24 : LHP Chris Mangin
|
Batting: LHB Tony Jump
|
0-0: Ball 1-0: Swinging Strike 1-1: Foul Ball, location: 2F 1-2: Ball 2-2: Strikes out swinging
|
Batting: RHB Dale King
|
0-0: Foul Ball, location: 2F 0-1: Ball 1-1: SINGLE (Flyball, 8LS, EV 95.6 MPH)
|
Batting: RHB Eric Quick Jr.
|
0-0: Foul Ball, location: 2F 0-1: Called Strike 0-2: Foul Ball, location: 2F 0-2: Ball 1-2: Ball 2-2: Foul Ball, location: 2F 2-2: Ground out 5-3 (Groundball, 56S, EV 66.2 MPH) Dale King to second
|
Batting: RHB Gonzalo Zarauza
|
0-0: Foul Ball, location: 2F 0-1: Foul Ball, location: 2F 0-2: SINGLE (Flyball, 89S, EV 90.6 MPH) - OUT at second base trying to stretch hit. Dale King scores
|
Top of the 8th over - 1 run, 2 hits, 0 errors, 0 left on base; Lake Erie 6 - Athletic Club KC 1 |
BOTTOM OF THE 8TH |
Athletic Club KC U-24 batting - Pitching for Lake Erie Arryns : LHP Rafael Villanueva
|
Batting: LHB Juan Morales
|
0-0: Called Strike 0-1: Ball 1-1: Ball 2-1: Ball 3-1: Swinging Strike 3-2: DOUBLE (Line Drive, 7LD, EV 100.6 MPH)
|
Batting: RHB Ángelo Soto
|
0-0: Ball 1-0: Ball 2-0: Ground out 6-3 (Groundball, 6, EV 82.5 MPH)
|
Batting: LHB Francisco Ferguson
|
0-0: Called Strike 0-1: Ball 1-1: Ground out 4-3 (Groundball, 4, EV 87.5 MPH) Juan Morales to third
|
Batting: RHB Kelsey Walker
|
0-0: Ball 1-0: Swinging Strike 1-1: Called Strike 1-2: Strikes out swinging
|
Bottom of the 8th over - 0 runs, 1 hit, 0 errors, 1 left on base; Lake Erie 6 - Athletic Club KC 1 |
TOP OF THE 9TH |
Lake Erie Arryns batting - Pitching for Athletic Club KC U-24 : LHP Chris Mangin
|
Batting: RHB Paulaui Olakeakua
|
0-0: Called Strike 0-1: Ball 1-1: Foul Ball, location: 2F 1-2: Strikes out looking
|
Batting: RHB Roderick Shelton
|
0-0: Ball 1-0: Ball 2-0: Foul Ball, location: 2F 2-1: Foul Ball, location: 2F 2-2: Strikes out looking
|
Batting: RHB Tony Carson
|
0-0: Called Strike 0-1: Called Strike 0-2: DOUBLE (Flyball, 8RXD, EV 105.0 MPH)
|
Batting: RHB Emory Frost
|
0-0: Ball 1-0: Ball 2-0: Ball 3-0: Called Strike 3-1: Fly out, F3 (Popup, 3S, EV 85.6 MPH)
|
Top of the 9th over - 0 runs, 1 hit, 0 errors, 1 left on base; Lake Erie 6 - Athletic Club KC 1 |
BOTTOM OF THE 9TH |
Athletic Club KC U-24 batting - Pitching for Lake Erie Arryns : LHP Rafael Villanueva
|
Batting: RHB Alvin Grant
|
0-0: Ball 1-0: Foul Ball, location: 2F 1-1: Swinging Strike 1-2: Strikes out swinging
|
Batting: SHB Marcos Ortíz
|
0-0: Swinging Strike 0-1: Swinging Strike 0-2: Strikes out swinging
|
Batting: LHB Quincy Audley
|
0-0: Foul Ball, location: 2F 0-1: Ball 1-1: Swinging Strike 1-2: Foul Ball, location: 2F 1-2: Strikes out swinging
|
Bottom of the 9th over - 0 runs, 0 hits, 0 errors, 0 left on base; Lake Erie 6 - Athletic Club KC 1 |
|